 Dungeon Crawl Stone Soup version 0.28-a0-1199-gef9e1dbd39 (webtiles) character file.

Game seed: 916715580445270625

375 ytrimaz the Insei (level 6, 0/39 HPs)
             Began as an Octopode Transmuter on Dec 19, 2021.
             Succumbed to a scorpion's poison
             ... on level 4 of the Dungeon.
             The game lasted 00:06:29 (4375 turns).

ytrimaz the Insei (Octopode Transmuter)             Turns: 4375, Time: 00:06:30

Health: 0/39       AC:  1    Str:  9    XL:     6   Next: 73%
Magic:  8/11       EV: 13    Int: 18    God:
Gold:   147        SH:  0    Dex: 12    Spells: 6/12 levels left

rFire   . . .      SeeInvis .     - Unarmed
rCold   . . .      Faith    .   (no shield)
rNeg    . . .      Spirit   .   (helmet restricted)
rPois   .          Reflect  .   (no amulet)
rElec   .          Harm     .   (no ring)
rCorr   .          Rampage  .   (no ring)
Will    .....                   (no ring)
Stlth   ++........              (no ring)
HPRegen 0.13/turn               (no ring)
MPRegen 0.12/turn               (no ring)
                                (no ring)
                                (no ring)

@: lethally poisoned (0 -> -37)
A: almost no armour, amphibious, 8 rings, camouflage 1, gelatinous body 1,
(nimble swimmer 1), tentacles, antennae 1
a: no special abilities


You were on level 4 of the Dungeon.
You visited 1 branch of the dungeon, and saw 4 of its levels.

You collected 147 gold pieces.

Inventory:

Jewellery
 d - a ring of flight
 f - an amulet of reflection
Wands
 a - a wand of mindburst (7)
Scrolls
 c - a scroll of noise
Potions
 e - 2 potions of mutation
 g - 2 potions of brilliance


   Skills:
 * Level 2.3 Fighting
 - Level 2.0 Dodging
 + Level 4.5 Unarmed Combat
 * Level 3.9 Spellcasting
 * Level 4.0 Transmutations
 + Level 0.9 Poison Magic


You had 6 spell levels left.
You knew the following spells:

 Your Spells              Type           Power      Damage    Failure   Level
a - Beastly Appendage     Tmut           34%        N/A       3%          1
b - Wereblood             Tmut           17%        N/A       4%          2
c - Spider Form           Tmut/Pois      12%        N/A       16%         3

Your spell library contained the following spells:

 Spells                   Type           Power      Damage    Failure   Level
 Ensorcelled Hibernation  Hex/Ice        6%         N/A       22%         2
 Tukima's Dance           Hex            3%         N/A       41%         3
 Ice Form                 Ice/Tmut       10%        N/A       54%         4
 Passage of Golubria      Tloc           3%         N/A       83%         4
 Yara's Violent Unravell  Hex/Tmut       5%         3d4       88%         5


Dungeon Overview and Level Annotations

Branches:
Dungeon (4/15)
 Temple: D:4-7

Altars:
Trog
Xom

Shops:
D:3 =

Annotations:
D:3 3 runed translucent doors, Thraspic's ghost, amateur DgFi


Innate Abilities, Weirdness & Mutations

You cannot wear most types of armour.
You are amphibious.
You can wear up to eight rings at the same time.
Your skin changes colour to match your surroundings (Stealth+).
Your rubbery body absorbs attacks. (AC +1, EV +1)
((You are camouflaged near water. (Stealth+)))
You have tentacles for arms and can constrict up to eight enemies at once.
You have a pair of small antennae on your head.


Message History

You squeeze the orc, but do no damage.
The orc is severely wounded.
You constrict the orc.
You kill the orc!
Your Transmutations skill increases to level 4!
No target in view!
Things that are here:
a +0 trident; a +0 ring mail Unknown command.
A scorpion comes into view.
A scorpion is nearby!
A scorpion is nearby!
There is an open door here.
Casting: Spider Form (quite dangerous; 16% risk of failure)
Confirm with . or Enter, or press ? or * to list all spells.
The spell is quite dangerous to miscast (16% risk of failure)!
Continue anyway?
You turn into a venomous arachnid creature.
You can't wear or remove anything in your present form.
You hit the scorpion but do no damage.
The scorpion is poisoned.
The scorpion stings you.
You are poisoned.
The scorpion poisons you!
You hit the scorpion.
The scorpion is moderately wounded.
You feel very sick. The scorpion stings you.
You are lethally poisoned!
The scorpion poisons you!
You are too injured to fight recklessly!
Unknown command.
It was a potion of cancellation.
Your magical effects are unravelling.
You feel magically purged.
Your transformation has ended.
* * * LOW HITPOINT WARNING * * *
You feel extremely sick. The scorpion barely misses you.
The scorpion stings you but does no damage.
Okay, then.
You die...

.....#.##..####.##
.....+.###.## #.#
.# #....#####..#
#.##'####
............#
#.#.....#
.....#####..#
#.#.....# .....#
#..###.#.....#
.....#
#.))##.#.....#
.....#
#.#.##.#.....#
.....#
#.#..).@.....#
.....#
#.#..#.#.....#
.####
#.#....#.s...'..
#.#.#..#.....#..
#.#.#..#.....#
.<..>##.####
####### .# .# ##


You could see a scorpion (very poisoned).

Vanquished Creatures
  A bullfrog (D:4)
  Blork the orc (D:4)
  3 hounds (D:4)
  An orc wizard (D:3)
  5 adders
  An ufetubus (D:4)
  A worm (D:3)
  A dart slug (D:2)
  6 orcs
  4 endoplasms (D:1)
  2 giant cockroaches (D:1)
  5 goblins
  7 hobgoblins
  2 jackals (D:3)
  4 quokkas
  9 ball pythons
  6 bats
  2 frilled lizards
  9 kobolds
  5 rats
75 creatures vanquished.

Vanquished Creatures (others)
  5 plants (D:3)
5 creatures vanquished.

Grand Total: 80 creatures vanquished

Notes
Turn   | Place    | Note
-------+----------+-------------------------------------------
     0 | D:1      | ytrimaz the Octopode Transmuter began the quest for the
                  | Orb.
     0 | D:1      | Reached XP level 1. HP: 13/13 MP: 3/3
     1 | D:1      | You fall into a shaft and drop 1 floor!
   366 | D:2      | Reached XP level 2. HP: 16/18 MP: 5/5
   371 | D:2      | Learned a level 2 spell: Wereblood
   490 | D:2      | Found a bloodstained altar of Trog.
   926 | D:1      | Reached XP level 3. HP: 16/23 MP: 4/6
  2383 | D:3      | Found a shimmering altar of Xom.
  2407 | D:3      | Reached XP level 4. HP: 12/28 MP: 4/7
  2576 | D:3      | Found a runed translucent gate.
  2576 | D:3      | Found a runed translucent gate.
  2577 | D:3      | Found a runed translucent gate.
  2577 | D:3      | Noticed Thraspic's ghost (amateur DgFi)
  2693 | D:3      | Learned a level 3 spell: Spider Form
  3286 | D:3      | Gained mutation: You have a pair of small antennae on your
                  | head. [potion of mutation]
  3584 | D:3      | Found Movog's One-of-a-Kind Rings.
  3600 | D:3      | Reached XP level 5. HP: 27/33 MP: 7/9
  3769 | D:3      | Found a faded altar of an unknown god.
  4052 | D:4      | Reached XP level 6. HP: 38/39 MP: 7/11
  4128 | D:4      | Noticed Blork the orc
  4139 | D:4      | Killed Blork the orc
  4375 | D:4      | Succumbed to a scorpion's poison

Illustrated notes

Levels and vault maps discovered:
D:1:      dpeg_arrival_pits, layout_basic
D:2:      layout_basic, basic_altar
D:3:      layout_basic, mainiacjoe_overflow_cross_hatched,
          ebering_ghost_rock_garden, shapermc_ecumenical_altar_petra,
          hangedman_abyss_or_decor_stabs, grunt_ministairs_14, st_stairs_1,
          chequers_mini_garden, nicolae_shop_unique_rings,
          kennysheep_big_empty_room
D:4:      layout_basic, uniq_blork_the_orc

Skill      XL: |  1  2  3  4  5  6 |
---------------+-------------------+-----
Spellcasting   | 3 |  3.9
Transmutations | 3 4 |  4.0
Unarmed Combat | 4 |  4.5
Fighting       | 2 |  2.3
Dodging        | |  2.0
Poison Magic   | |  0.9

Action                   |  1- 3 |  4- 6 || total
-------------------------+-------+-------++-------
Melee: Unarmed           |    90 |   110 ||   200
       Constrict         |    22 |    11 ||    33
       Kick              |    15 |     8 ||    23
       Tentacles         |     6 |     9 ||    15
       Punch             |     1 |       ||     1
 Cast: Beastly Appendage |    22 |    10 ||    32
       Wereblood         |     2 |     2 ||     4
       Spider Form       |       |     7 ||     7
  Use: Scroll            |     4 |     3 ||     7
       Potion            |       |     4 ||     4
 Stab: Sleeping          |     7 |     1 ||     8
Armor: Skin              |    11 |    11 ||    22
Dodge: Dodged            |    64 |    92 ||   156

Table legend: (Time is in decaauts)
 A = Elapsed time spent in this place.
 B = Non-inter-level travel time spent in this place.
 C = Inter-level travel time spent in this place.
 D = Time resting spent in this place.
 E = Time spent auto-exploring this place.
 F = Levels seen in this place.
 G = Mean time per level.
                   A        B        C        D        E       F      G
               +--------+--------+--------+--------+--------+-----+--------+
         Total |   4364 |   4297 |     67 |    819 |   2820 |   4 | 1091.0 |
       Dungeon |   4364 |   4297 |     67 |    819 |   2820 |   4 | 1091.0 |
               +--------+--------+--------+--------+--------+-----+--------+

Top non-repeatable levels by time:
     D:3: 1520 daAuts
     D:1: 1247 daAuts
     D:2: 1120 daAuts
     D:4: 475 daAuts
